 Dungeon Crawl Stone Soup version 0.16.2-12-gd0ad4c3 (webtiles) character file.

79 SlimeFever the Ruffian (level 4, 0/35 HPs)
             Began as a Draconian Transmuter on Oct 12, 2015.
             Slain by a bat (1 damage)
             ... on level 3 of the Dungeon on Oct 13, 2015.
             The game lasted 00:16:10 (1689 turns).

SlimeFever the Ruffian (Draconian Transmuter)       Turns: 1689, Time: 00:16:10

Health: 0/35       AC:  6    Str: 13    XL:     4   Next: 16%
Magic:  8/8        EV: 12    Int: 14    God:
Gold:   104        SH:  0    Dex: 11    Spells: 3 memorised, 2 levels left

rFire  . . .     SeeInvis .       - Unarmed
rCold  . . .     Clarity  .     (armour unavailable)
rNeg   . . .     SustAb   .     (no shield)
rPois  .         Gourm    .     (helmet restricted)
rElec  .         Spirit   .     (no cloak)
rCorr  .         Warding  .     (no gloves)
rMut   .         Stasis   .     g - +0 pair of boots
MR     .....                    (no amulet)
Stlth  +.........               (no ring)
                                (no ring)

@: not resistant to hostile enchantments, very unstealthy
A: unfitting armour, cold-blooded, AC +5
a: no special abilities


You were on level 3 of the Dungeon.
You were not hungry.

You visited 1 branch of the dungeon, and saw 3 of its levels.

You collected 104 gold pieces.

Inventory:

Missiles
 a - 31 arrows
 c - 24 sling bullets
 i - 5 poisoned arrows
Armour
 g - a +0 pair of boots (worn)
Scrolls
 e - 3 scrolls of identify
 f - a scroll of remove curse
Potions
 j - a potion of flight
Books
 d - a book of Changes

   Spells                             Type                      Level
   a - Beastly Appendage              Transmutation                1
   b - Sticks to Snakes               Transmutation                2
   c - Spider Form                    Transmutation/Poison         3
   d - Ice Form                       Ice/Transmutation            4
   e - Blade Hands                    Transmutation                5
Comestibles
 b - 3 bread rations
 h - a meat ration


   Skills:
 + Level 1.4 Fighting
 + Level 2.7 Dodging
 + Level 0.2 Stealth
 + Level 3.6 Unarmed Combat
 + Level 2.5 Spellcasting
 + Level 2.4 Transmutations


You had 2 spell levels left.
You knew the following spells:

 Your Spells              Type           Power        Failure   Level  Hunger
a - Beastly Appendage     Trmt           #.....       10%         1    #......
b - Sticks to Snakes      Trmt           #.........   14%         2    ###....
c - Spider Form           Trmt/Pois      #.........   47%         3    ###....


Dungeon Overview and Level Annotations

Branches:
Dungeon (3/15)

Altars:
Elyvilon
Trog


Innate Abilities, Weirdness & Mutations

Your plain brown scales are hard (AC +5).
Your body does not fit into most forms of armour.
Your cold-blooded metabolism reacts poorly to cold.


Message History

The quokka bites you but does no damage.
The kobold hits you with a dagger.
* * * LOW HITPOINT WARNING * * *
A rat comes into view.
The bat hits you but does no damage. The orc barely misses you.
The quokka bites you but does no damage.
The kobold hits you but does no damage. The bat barely misses you.
The bat closely misses you. The quokka misses you.
The orc hits you but does no damage. The kobold hits you but does no damage.
The bat hits you but does no damage. The bat misses you. The quokka bites you.
* * * LOW HITPOINT WARNING * * *
The orc barely misses you. The kobold hits you but does no damage.
The quokka barely misses you. The bat hits you.
* * * LOW HITPOINT WARNING * * *
The bat hits you.
* * * LOW HITPOINT WARNING * * *
The orc barely misses you. The kobold hits you but does no damage.
The quokka completely misses you. The bat hits you.
You die...

##. ### ...
##..## ##.#
##....##...#
#.....#..# ####
#...<.##.....
###..#...#
##o....##
#@rS...#
......rKb##.#.#
...#.####..#..#
.) .###..# ..#
## #/# ..


You could see an adder, an orc, a quokka, a bat, a kobold and a rat.

Vanquished Creatures
  2 gnolls (D:1)
  An adder (D:2)
  A giant mite (D:2)
  2 oozes (D:1)
  5 bats
  3 giant cockroaches (D:1)
  3 hobgoblins (D:1)
  2 jackals (D:1)
  4 kobolds
  2 quokkas (D:2)
  A giant newt (D:1)
  5 goblins
  5 rats
36 creatures vanquished.

Vanquished Creatures (collateral kills)
  An adder (D:2)
  A giant gecko (D:2)
  A bat (D:2)
  A rat (D:2)
4 creatures vanquished.

Grand Total: 40 creatures vanquished

Notes
Turn   | Place    | Note
--------------------------------------------------------------
     0 | D:1      | SlimeFever, the Draconian Transmuter, began the quest for the Orb.
     0 | D:1      | Reached XP level 1. HP: 16/16 MP: 3/3
   278 | D:1      | Reached XP level 2. HP: 21/23 MP: 4/4
   417 | D:1      | Reached XP level 3. HP: 24/28 MP: 6/6
  1064 | D:2      | Learned a level 2 spell: Sticks to Snakes
  1098 | D:2      | Found a white marble altar of Elyvilon.
  1274 | D:2      | Reached XP level 4. HP: 20/35 MP: 5/8
  1290 | D:2      | Learned a level 3 spell: Spider Form
  1417 | D:2      | Found a bloodstained altar of Trog.
  1659 | D:2      | You fall through a shaft!
  1689 | D:3      | HP: 1/35 [bat (1)]
  1689 | D:3      | Slain by a bat

Action                   |  1- 3 |  4- 6 || total
-------------------------+-------+-------++-------
Melee: Unarmed           |   125 |    22 ||   147
 Cast: Beastly Appendage |    13 |     4 ||    17
       Sticks to Snakes  |     4 |     1 ||     5
  Use: Scroll            |     2 |       ||     2
 Stab: Sleeping          |     1 |       ||     1
  Eat: Meat ration       |       |     1 ||     1
